 Dungeon Crawl Stone Soup version 0.31-a0-795-g5eb97db20b (webtiles) character file.

Game seed: 12418083468280554445

88 Maratek the Shield-Bearer (level 4, -1/31 HPs)
             Began as an Octopode Fighter on Sept 18, 2023.
             Slain by an orc
             ... wielding a +0 club
              (5 damage)
             ... on level 3 of the Dungeon.
             The game lasted 00:01:45 (2200 turns).

Maratek the Shield-Bearer (Octopode Fighter)        Turns: 2200, Time: 00:01:46

Health: -1/31      AC:  1    Str: 17    XL:     4   Next: 53%
Magic:  4/4        EV: 13    Int: 10    God:
Gold:   69         SH:  0    Dex: 11    Spells: 3/3 levels left

rFire   . . .        a - +0 long sword
rCold   . . .        b - +0 buckler
rNeg    . . .        (helmet restricted)
rPois   .            (no amulet)
rElec   .            (no ring)
rCorr   .            (no ring)
SInv    .            (no ring)
Will    .....        (no ring)
Stlth   ++           (no ring)
HPRegen 0.25/turn    (no ring)
MPRegen 0.09/turn    (no ring)
                     (no ring)

%: no passive effects
@: confused
A: almost no armour, amphibious, 8 rings, camouflage 1, gelatinous body 1,
(nimble swimmer 1), tentacles
a: no special abilities


You were on level 3 of the Dungeon.
You visited 1 branch of the dungeon, and saw 3 of its levels.

You collected 69 gold pieces.

Inventory:

Hand Weapons
 a - a +0 long sword (weapon)
Armour
 b - a +0 buckler (worn)
Scrolls
 d - a scroll of vulnerability {unknown}
 e - a scroll of teleportation {unknown}
 f - 2 scrolls of amnesia {unknown}
 g - a scroll of immolation {unknown}
 h - 3 scrolls of identify {unknown}
Potions
 c - a potion of might
 i - 2 potions of haste {unknown}
 j - a potion of berserk rage {unknown}
 k - a potion of heal wounds {unknown}


   Skills:
 + Level 3.3 Fighting
 + Level 2.6 Long Blades
 + Level 3.4 Dodging
 + Level 3.1 Stealth
 + Level 3.4 Shields


You had 3 spell levels left.
You didn't know any spells.
Your spell library contained the following spells:

 Spells                   Type           Power      Damage    Failure   Level
 Apportation              Tloc           0%         N/A       43%         1
 Magic Dart               Conj           0%         1d3       43%         1
 Necrotise                Necr           0%         1d4       43%         1
 Summon Small Mammal      Summ           0%         N/A       43%         1
 Searing Ray              Conj           0%         2d4       58%         2
 Fulminant Prism          Conj/Hex       0%         3d5       99%         4


Dungeon Overview and Level Annotations

Branches:
Dungeon (3/15)

Altars:


Innate Abilities, Weirdness & Mutations

You cannot wear most types of armour.
You are amphibious.
You can wear up to eight rings at the same time.
Your skin changes colour to match your surroundings (Stealth+).
Your rubbery body absorbs attacks. (AC +1, EV +1)
((You are camouflaged when in or above water. (Stealth+)))
You have tentacles for arms and can constrict up to eight enemies at once.


Message History

An orc comes into view. It is wielding a +0 club.
Found 13 gold pieces.
An endoplasm, an orc, an orc priest and an orc wizard come into view.
The orc wizard shouts!
The endoplasm quivers.
The orc wizard moves out of view.
You barely miss the orc wizard.
The orc shouts! x2
You grab the orc wizard. You squeeze the orc wizard!
The orc wizard is heavily wounded.
You constrict the orc wizard. The orc wizard casts a spell at you.
You are confused.
An endoplasm comes into view.
The orc wizard hits you with a +0 dagger.
You are too confused!
You are too confused!
You are too confused!
You are too confused!
You are too confused!
You bump into the rock wall.
You constrict the orc wizard.
The orc wizard mumbles some strange words.
The orc wizard flickers and vanishes!
Deactivating autopickup; reactivate with Ctrl-A.
You miss something. You constrict something.
Something hits you but does no damage.
You release your grip on something.
The endoplasm barely misses you. Something hits you but does no damage.
The orc attacks as it pursues you! The orc hits you with a +0 club.
You're too confused to move!
The orc closely misses you. The endoplasm misses you. Something hits you.
The orc hits you with a +0 club.
The orc wizard mumbles some strange words.
The orc wizard flickers and vanishes!
You miss something.
The orc hits you from afar with a +0 trident!
* * * LOW HITPOINT WARNING * * *
The endoplasm hits you.
* * * LOW HITPOINT WARNING * * *
Something barely misses you. The orc hits you with a +0 club.
You die...

...#.#.### .#
#........### ###.##
#..#........ .....#
#........#.# #.#..#
.........#.###.#..####
...............{.....##
..#..#####.###.#oo.$..##
..#............o{JJ.....
....######.###.#@###..#
....# #.##.#.## .##.#
#...##.# .##.# #..#.#.#
.##.######..##...
............# ###
...........##
###.######## #.#


You could see an orc priest, 2 orcs and 2 endoplasms.

Vanquished Creatures
  3 adders (D:2)
  2 worms
  A dart slug (D:2)
  5 orcs (D:2)
  6 ball pythons
  5 bats
  4 endoplasms
  3 goblins (D:1)
  4 hobgoblins
  5 quokkas
  3 frilled lizards
  3 kobolds
  5 rats
49 creatures vanquished.

Notes
Turn   | Place    | Note
-------+----------+-------------------------------------------
     0 | D:1      | Maratek the Octopode Fighter began the quest for the Orb.
     0 | D:1      | Reached XP level 1. HP: 16/16 MP: 1/1
    21 | D:1      | Found a faded altar of an unknown god.
   172 | D:1      | Reached XP level 2. HP: 20/21 MP: 2/2
   670 | D:1      | Reached skill level 1 in Stealth
   686 | D:1      | Reached XP level 3. HP: 26/26 MP: 3/3
  1244 | D:2      | Reached XP level 4. HP: 28/31 MP: 4/4
  2200 | D:3      | Slain by an orc

Illustrated notes

Levels and vault maps discovered:
D:1:      lemuel_arrival_behind_the_door_large, layout_basic,
          shapermc_ecumenical_altar_gd, chequers_arboretum
D:2:      minmay_alternating_diamond, layout_loops_ring, nicolae_hexahallways
D:3:      layout_loops_ring, serial_shops, shop, minmay_increasing_density

Skill      XL: |  1  2  3  4 |
---------------+-------------+-----
Stealth        | 1 2 3 |  3.1
Fighting       | |  3.3
Long Blades    | |  2.6
Dodging        | |  3.4
Shields        | |  3.4

Action                     |  1- 3 |  4- 6 || total
---------------------------+-------+-------++-------
  Melee: Long sword        |    64 |    29 ||    93
         Constrict         |    18 |     6 ||    24
         Tentacles         |    14 |     4 ||    18
   Stab: Sleeping          |    17 |     2 ||    19
 Armour: Skin              |    20 |    21 ||    41
  Dodge: Dodged            |    34 |    17 ||    51
  Block: Buckler           |    12 |     9 ||    21

Table legend: (Time is in decaauts)
 A = Elapsed time spent in this place.
 B = Non-inter-level travel time spent in this place.
 C = Inter-level travel time spent in this place.
 D = Time resting spent in this place.
 E = Time spent auto-exploring this place.
 F = Levels seen in this place.
 G = Mean time per level.
                   A        B        C        D        E       F      G
               +--------+--------+--------+--------+--------+-----+--------+
         Total |   2228 |   2159 |     69 |    289 |   1563 |   3 |  742.7 |
       Dungeon |   2228 |   2159 |     69 |    289 |   1563 |   3 |  742.7 |
               +--------+--------+--------+--------+--------+-----+--------+

Top non-repeatable levels by time:
     D:2: 1351 daAuts
     D:1: 806 daAuts
     D:3: 71 daAuts
